Stars vs Rangers

Created - December 1, 2016 at 17:13

Goals
1 2 3 OT1 T
Stars 0 0 0 0 0
Rangers 0 0 0 1 1
Shots
1 2 3 OT1 T
Stars 8 7 10 1 26
Rangers 5 6 9 1 21

1st period

No Goal

Penalties :
Matt Calvert (NYR) for Roughing (Minor) at 7:24, Mark Stuart (DAL) for Hooking (Minor) at 9:39, Olli Maatta (DAL) for Hooking (Minor) at 15:42

2nd period

No Goal

Penalties :
Craig Smith (NYR) for Hooking (Minor) at 0:15, Cedric Paquette (NYR) for Roughing (Minor) at 2:03, Mark Stuart (DAL) for Hooking (Minor) at 4:29, Kris Russell (NYR) for Tripping (Minor) at 9:00

3rd period

No Goal

Penalties :
Karl Alzner (NYR) for Hooking (Minor) at 13:32, Karl Alzner (NYR) for Holding (Minor) at 18:30

Overtime #1

1. Rangers , Connor McDavid 14 (Kris Russell, Joel Edmundson) at 0:43

Penalties :
No Penalty

Goalie Stats

Jonathan Quick (DAL), 20 saves from 21 shots - (0.952), OTL, 13-9-1, 60:44 minutes
Scott Darling (NYR), 26 saves from 26 shots - (1.000), W, 3-4-0, 60:44 minutes

Players Stats for Stars

Player Name              G  A  P  +/- PIM S  H  SB GA TA FO     MP     PP MP  PK MP  
------------------------------------------------------------------------------------
Adam Pardy               0  0  0   0  0   0  0  0  0  0  0/0    11:51   0:00   0:00 
Brad Malone              0  0  0   0  0   0  1  0  0  0  0/1     5:20   0:00   0:00 
Clayton Stoner           0  0  0   0  0   0  0  0  0  0  0/0     0:43   0:35   0:08 
Cody McLeod              0  0  0   0  0   1  2  0  0  0  0/0    13:24   0:00   0:00 
David Backes             0  0  0   0  0   0  4  0  0  0  19/27  20:59   6:12   2:44 
Duncan Keith             0  0  0   0  0   0  0  0  0  0  0/0    26:40   5:42   3:34 
Evgeni Malkin            0  0  0   0  0   1  0  0  0  0  0/5    22:35   5:52   0:00 
John Mitchell            0  0  0   0  0   1  0  0  0  0  4/7     7:50   0:00   0:00 
Jonathan Huberdeau       0  0  0   0  0   2  0  0  0  0  2/3    22:06   6:12   2:44 
Kris Letang              0  0  0   0  0   0  0  1  0  0  0/0    24:34   5:42   2:47 
Mark Stuart              0  0  0   0  4   0  0  0  0  0  0/0    11:49   0:00   0:00 
Nikita Kucherov          0  0  0   0  0   7  0  0  0  0  0/0    22:24   5:01   0:00 
Olli Maatta              0  0  0   0  2   2  0  1  0  0  0/0    20:54   4:56   1:40 
Patrik Elias             0  0  0   0  0   3  0  0  0  0  3/3    13:24   0:00   0:00 
Rob Scuderi              0  0  0   0  0   0  0  0  0  0  0/0     0:00   0:00   0:00 
Ryan Callahan            0  0  0   0  0   1  6  0  0  0  2/3    23:01   5:21   3:13 
Sidney Crosby            0  0  0   0  0   7  0  1  0  0  21/32  24:28   5:01   3:13 
Zdeno Chara              0  0  0   0  0   1  2  0  0  0  0/0    24:54   5:31   3:45 

Players Stats for Rangers

Player Name              G  A  P  +/- PIM S  H  SB GA TA FO     MP     PP MP  PK MP  
------------------------------------------------------------------------------------
Alex Goligoski           0  0  0   0  0   2  0  2  0  0  0/0    24:01   3:03   4:27 
Benoit Pouliot           0  0  0   0  0   1  1  1  0  0  0/5    18:40   2:57   3:56 
Brad Richards            0  0  0   0  0   0  0  0  0  0  11/21  16:02   0:00   0:13 
Cedric Paquette          0  0  0   0  2   0  3  0  0  0  2/6     9:08   3:00   2:06 
Chris Tanev              0  0  0   0  0   0  0  0  0  0  0/0    18:35   0:00   4:05 
Connor McDavid           1  0  1   0  0   4  1  0  0  0  12/29  22:01   2:57   1:33 
Craig Smith              0  0  0   0  2   2  0  1  0  0  0/0    17:46   0:00   0:16 
Fredrik Claesson         0  0  0   0  0   0  0  1  0  0  0/0    15:04   3:03   0:12 
Jaromir Jagr             0  0  0   0  0   1  1  0  0  0  0/6    20:49   2:57   6:05 
Joel Edmundson           0  1  1   0  0   0  1  0  0  0  0/0    16:47   0:00   4:44 
Karl Alzner              0  0  0   0  4   1  2  2  0  0  0/0    23:02   2:54   3:39 
Kris Russell             0  1  1   0  2   1  0  2  0  0  0/0    23:56   2:54   6:19 
Matt Calvert             0  0  0   0  2   2  0  0  0  0  1/4    19:32   3:00   6:49 
Mikael Backlund          0  0  0   0  0   2  0  0  0  0  0/1     4:02   0:00   0:00 
Nick Schultz             0  0  0   0  0   0  0  0  0  0  0/0     0:00   0:00   0:00 
Sean Couturier           0  0  0   0  0   1  0  0  0  0  4/9    10:00   0:00   0:16 
Tomas Tatar              0  0  0   0  0   3  1  0  0  0  0/0    21:47   3:00   1:30 
Tyler Ennis              0  0  0   0  0   1  3  0  0  0  0/0     9:44   0:00   0:00 

3 Stars

1 - Scott Darling (NYR)
2 - Jonathan Quick (DAL)
3 - Connor McDavid (NYR)

Power Play

Stars - 0 on 6 Attempt(s) - 0.00%
Rangers - 0 on 3 Attempt(s) - 0.00%

Penalty Kill

Stars - 3 on 3 Attempt(s) - 100.00% - Score 0 goal in Penalty Kill
Rangers - 6 on 6 Attempt(s) - 100.00% - Score 0 goal in Penalty Kill

Team Stat

Stars - Hits : 15 - Faceoff Wins : 51 - Blocked Shots : 3 - Penalty Minutes : 6
Rangers - Hits : 13 - Faceoff Wins : 30 - Blocked Shots : 9 - Penalty Minutes : 12

Official

Referees : Rob Martell and Ian Walsh
Linesman : Tim Nowak and Andy McElman

Game Notes

John Mitchell is injured at 18:37 of 2nd period (Strained Right Elbow)

Finance

Level 1 -- Attendance: 4567 (70.26%) -- Ticket Income $570,875
Level 2 -- Attendance: 4922 (98.44%) -- Ticket Income $369,150
Level 3 -- Attendance: 3384 (96.69%) -- Ticket Income $169,200
Level 4 -- Attendance: 2006 (100.00%) -- Ticket Income $50,150
Luxury Box -- Attendance: 754 (75.40%) -- Ticket Income $188,500
Game was played at the Madison Square Garden.
Total Attendance: 15633 (86.82%)
Total Ticket Income: $1,347,875
Other Income: $202,181
Total Income: $1,550,056

% Time on Ice - Stars

Lines # - Real PCT - Wanted PCT - Time Play
Normal Forward
1 - 32% - 37% - 13:31
2 - 28% - 37% - 12:03
3 - 31% - 13% - 13:24
4 - 9% - 13% - 3:52
Normal Defense
1 - 36% - 40% - 15:24
2 - 33% - 35% - 14:19
3 - 28% - 15% - 11:51
4 - 3% - 10% - 1:16
PP Forward
1 - 45% - 60% - 5:01
2 - 55% - 40% - 6:12
PP Defense
1 - 51% - 55% - 5:42
2 - 49% - 45% - 5:31
PK Forward
1 - 46% - 50% - 2:44
2 - 54% - 50% - 3:13
PK Defense
1 - 51% - 50% - 3:02
2 - 49% - 50% - 2:55
PK3 Forward
1 - 0% - 50%
2 - 0% - 50%
PK3 Defense
1 - 0% - 50%
2 - 0% - 50%
44 Forward
1 - 100% - 60% - 0:30
2 - 0% - 40% - 0:00
44 Defense
1 - 100% - 60% - 0:30
2 - 0% - 40% - 0:00
Last Minute Offensive  - 0:00
Last Minute Defensive  - 0:00
Total
Forward - 60:30
Defense - 60:30

% Time on Ice - Rangers

Lines # - Real PCT - Wanted PCT - Time Play
Normal Forward
1 - 40% - 40% - 17:17
2 - 28% - 30% - 11:47
3 - 23% - 20% - 9:44
4 - 9% - 10% - 4:02
Normal Defense
1 - 37% - 40% - 15:43
2 - 34% - 30% - 14:30
3 - 28% - 20% - 11:49
4 - 2% - 10% - 0:48
PP Forward
1 - 50% - 60% - 2:57
2 - 50% - 40% - 3:00
PP Defense
1 - 49% - 60% - 2:54
2 - 51% - 40% - 3:03
PK Forward
1 - 73% - 60% - 8:00
2 - 27% - 40% - 3:02
PK Defense
1 - 61% - 60% - 6:45
2 - 39% - 40% - 4:17
PK3 Forward
1 - 100% - 60% - 0:41
2 - 0% - 40% - 0:00
PK3 Defense
1 - 66% - 60% - 0:27
2 - 34% - 40% - 0:14
44 Forward
1 - 0% - 60%
2 - 0% - 40%
44 Defense
1 - 0% - 60%
2 - 0% - 40%
Last Minute Offensive  - 0:00
Last Minute Defensive  - 0:00
Total
Forward - 60:30
Defense - 60:30

Play by Play

1st period


0:01 of 1st period - Connor McDavid wins face-off versus Sidney Crosby in neutral zone.
0:01 of 1st period - Karl Alzner is hit by Ryan Callahan and loses puck.
0:16 of 1st period - Connor McDavid is hit by Zdeno Chara and loses puck.
2:12 of 1st period - Shot by Patrik Elias.
2:12 of 1st period - Stopped by Scott Darling without a rebound.
2:13 of 1st period - Sean Couturier wins face-off versus John Mitchell in Rangers zone.
2:18 of 1st period - Mark Stuart is hit by Tyler Ennis and loses puck.
2:27 of 1st period - Shot by Patrik Elias.
2:27 of 1st period - Stopped by Scott Darling without a rebound.
2:28 of 1st period - Connor McDavid wins face-off versus Sidney Crosby in Rangers zone.
2:57 of 1st period - Shot by Nikita Kucherov.
2:57 of 1st period - Shot Hit the Post.
2:59 of 1st period - Shot by Sidney Crosby.
2:59 of 1st period - Shot Blocked by Karl Alzner.
4:29 of 1st period - Icing by Olli Maatta.
4:30 of 1st period - David Backes wins face-off versus Mikael Backlund in Stars zone.
4:35 of 1st period - Cedric Paquette is hit by David Backes and loses puck.
4:46 of 1st period - Icing by Jonathan Huberdeau.
4:47 of 1st period - David Backes wins face-off versus Connor McDavid in Stars zone.
5:07 of 1st period - Icing by Chris Tanev.
5:08 of 1st period - Patrik Elias wins face-off versus Connor McDavid in Rangers zone.
5:57 of 1st period - Icing by Patrik Elias.
5:58 of 1st period - Brad Richards wins face-off versus John Mitchell in Stars zone.
6:07 of 1st period - Shot by Benoit Pouliot.
6:07 of 1st period - Shot Misses the Net.
6:35 of 1st period - Shot by Evgeni Malkin.
6:35 of 1st period - Shot Blocked by Benoit Pouliot.
7:24 of 1st period - Minor Penalty to Matt Calvert for Roughing.
7:25 of 1st period - Connor McDavid wins face-off versus David Backes in Rangers zone.
8:02 of 1st period - Shot by Connor McDavid.
8:02 of 1st period - Shot Blocked by Olli Maatta.
8:04 of 1st period - Shot by Chris Tanev.
8:04 of 1st period - Shot Misses the Net.
8:36 of 1st period - Shot by Kris Letang.
8:36 of 1st period - Deflect By Sidney Crosby.
8:36 of 1st period - Stopped by Scott Darling without a rebound.
8:37 of 1st period - Sidney Crosby wins face-off versus Jaromir Jagr in Rangers zone.
8:58 of 1st period - Kris Letang is hit by Jaromir Jagr and loses puck.
9:39 of 1st period - Minor Penalty to Mark Stuart for Hooking.
9:40 of 1st period - David Backes wins face-off versus Cedric Paquette in Stars zone.
9:40 of 1st period - David Backes is hit by Cedric Paquette.
9:47 of 1st period - Icing by Matt Calvert.
9:48 of 1st period - Cedric Paquette wins face-off versus Sidney Crosby in Rangers zone.
9:56 of 1st period - Tomas Tatar is hit by Zdeno Chara and loses puck.
10:51 of 1st period - Shot by Benoit Pouliot.
10:51 of 1st period - Stopped by Jonathan Quick without a rebound.
10:52 of 1st period - Connor McDavid wins face-off versus David Backes in Stars zone.
11:13 of 1st period - Duncan Keith is hit by Connor McDavid and loses puck.
11:34 of 1st period - Matt Calvert is hit by Ryan Callahan and loses puck.
11:53 of 1st period - Shot by Brad Richards.
11:53 of 1st period - Deflect By Cedric Paquette.
11:53 of 1st period - Shot Misses the Net.
11:55 of 1st period - Shot by Mikael Backlund.
11:55 of 1st period - Stopped by Jonathan Quick without a rebound.
11:56 of 1st period - David Backes wins face-off versus Sean Couturier in Stars zone.
12:21 of 1st period - Shot by Sean Couturier.
12:21 of 1st period - Shot Misses the Net.
12:56 of 1st period - Off-side.
12:57 of 1st period - Sidney Crosby wins face-off versus Brad Richards in neutral zone.
13:16 of 1st period - Shot by Sidney Crosby.
13:16 of 1st period - Stopped by Scott Darling with a rebound.
13:32 of 1st period - Shot by Sidney Crosby.
13:32 of 1st period - Shot Misses the Net.
13:36 of 1st period - Shot by Sidney Crosby.
13:36 of 1st period - Stopped by Scott Darling without a rebound.
13:37 of 1st period - Patrik Elias wins face-off versus Connor McDavid in Rangers zone.
14:17 of 1st period - Shot by Karl Alzner.
14:17 of 1st period - Shot Misses the Net.
14:19 of 1st period - Shot by Tomas Tatar.
14:19 of 1st period - Shot Misses the Net.
14:21 of 1st period - Shot by Karl Alzner.
14:21 of 1st period - Stopped by Jonathan Quick without a rebound.
14:22 of 1st period - Sidney Crosby wins face-off versus Sean Couturier in Stars zone.
14:24 of 1st period - Nikita Kucherov is hit by Tyler Ennis and loses puck.
14:45 of 1st period - Shot by Matt Calvert.
14:45 of 1st period - Stopped by Jonathan Quick without a rebound.
14:46 of 1st period - David Backes wins face-off versus Brad Richards in Stars zone.
14:46 of 1st period - David Backes is hit by Benoit Pouliot.
15:42 of 1st period - Minor Penalty to Olli Maatta for Hooking.
15:43 of 1st period - Sidney Crosby wins face-off versus Cedric Paquette in Stars zone.
15:58 of 1st period - Shot by Tomas Tatar.
15:58 of 1st period - Shot Blocked by Sidney Crosby.
16:10 of 1st period - Shot by Kris Russell.
16:10 of 1st period - Stopped by Jonathan Quick without a rebound.
16:11 of 1st period - David Backes wins face-off versus Connor McDavid in Stars zone.
16:25 of 1st period - Icing by Alex Goligoski.
16:26 of 1st period - David Backes wins face-off versus Connor McDavid in Rangers zone.
17:52 of 1st period - Shot by John Mitchell.
17:52 of 1st period - Stopped by Scott Darling without a rebound.
17:53 of 1st period - Brad Richards wins face-off versus Evgeni Malkin in Rangers zone.
18:05 of 1st period - Evgeni Malkin is hit by Karl Alzner and loses puck.
18:30 of 1st period - Shot by Nikita Kucherov.
18:30 of 1st period - Stopped by Scott Darling without a rebound.
18:31 of 1st period - John Mitchell wins face-off versus Connor McDavid in Rangers zone.
18:58 of 1st period - Shot by Patrik Elias.
18:58 of 1st period - Stopped by Scott Darling without a rebound.
18:59 of 1st period - Sidney Crosby wins face-off versus Sean Couturier in Rangers zone.
19:40 of 1st period - Shot by Nikita Kucherov.
19:40 of 1st period - Shot Blocked by Fredrik Claesson.
19:42 of 1st period - Shot by Sidney Crosby.
19:42 of 1st period - Shot Misses the Net.
19:49 of 1st period - Icing by Joel Edmundson.
19:50 of 1st period - Jonathan Huberdeau wins face-off versus Sean Couturier in Rangers zone.
Goals for this period are 0 for Stars vs 0 for Rangers.
Shots for this period are 8 for Stars vs 5 for Rangers.

2nd period


0:01 of 2nd period - Sidney Crosby wins face-off versus Connor McDavid in neutral zone.
0:15 of 2nd period - Minor Penalty to Craig Smith for Hooking.
0:16 of 2nd period - Sidney Crosby wins face-off versus Jaromir Jagr in Rangers zone.
0:28 of 2nd period - Off-side.
0:29 of 2nd period - David Backes wins face-off versus Jaromir Jagr in neutral zone.
1:03 of 2nd period - Icing by Jonathan Huberdeau.
1:04 of 2nd period - David Backes wins face-off versus Benoit Pouliot in Stars zone.
1:56 of 2nd period - Icing by Kris Letang.
1:57 of 2nd period - Sidney Crosby wins face-off versus Benoit Pouliot in Stars zone.
2:01 of 2nd period - Kris Letang is hit by Cedric Paquette and loses puck.
2:03 of 2nd period - Minor Penalty to Cedric Paquette for Roughing.
2:04 of 2nd period - Sidney Crosby wins face-off versus Matt Calvert in Rangers zone.
2:15 of 2nd period - Shot by Sidney Crosby.
2:15 of 2nd period - Shot Misses the Net.
3:00 of 2nd period - Icing by Zdeno Chara.
3:01 of 2nd period - David Backes wins face-off versus Benoit Pouliot in Stars zone.
3:17 of 2nd period - Shot by David Backes.
3:17 of 2nd period - Shot Misses the Net.
3:19 of 2nd period - Shot by Olli Maatta.
3:19 of 2nd period - Shot Misses the Net.
3:21 of 2nd period - Shot by Zdeno Chara.
3:21 of 2nd period - Stopped by Scott Darling without a rebound.
3:22 of 2nd period - Sidney Crosby wins face-off versus Benoit Pouliot in Rangers zone.
3:29 of 2nd period - Shot by Kris Letang.
3:29 of 2nd period - Shot Hit the Post.
3:31 of 2nd period - Shot by Nikita Kucherov.
3:31 of 2nd period - Stopped by Scott Darling with a rebound.
4:29 of 2nd period - Minor Penalty to Mark Stuart for Hooking.
4:30 of 2nd period - David Backes wins face-off versus Benoit Pouliot in Stars zone.
5:23 of 2nd period - Shot by Ryan Callahan.
5:23 of 2nd period - Stopped by Scott Darling without a rebound.
5:24 of 2nd period - Ryan Callahan wins face-off versus Cedric Paquette in Rangers zone.
5:25 of 2nd period - Shot by Sidney Crosby.
5:25 of 2nd period - Shot Misses the Net.
5:27 of 2nd period - Shot by Olli Maatta.
5:27 of 2nd period - Stopped by Scott Darling without a rebound.
5:28 of 2nd period - Cedric Paquette wins face-off versus Jonathan Huberdeau in Rangers zone.
5:41 of 2nd period - Shot by Tomas Tatar.
5:41 of 2nd period - Stopped by Jonathan Quick without a rebound.
5:42 of 2nd period - Sidney Crosby wins face-off versus Cedric Paquette in Stars zone.
6:21 of 2nd period - Shot by Matt Calvert.
6:21 of 2nd period - Stopped by Jonathan Quick without a rebound.
6:22 of 2nd period - David Backes wins face-off versus Connor McDavid in Stars zone.
6:39 of 2nd period - Jaromir Jagr is hit by Brad Malone and loses puck.
8:26 of 2nd period - Icing by Kris Letang.
8:27 of 2nd period - David Backes wins face-off versus Brad Richards in Stars zone.
8:56 of 2nd period - Icing by Kris Russell.
8:57 of 2nd period - Brad Richards wins face-off versus Sidney Crosby in Rangers zone.
8:59 of 2nd period - Icing by Kris Russell.
9:00 of 2nd period - Sidney Crosby wins face-off versus Brad Richards in Rangers zone.
9:00 of 2nd period - Minor Penalty to Kris Russell for Tripping.
9:01 of 2nd period - David Backes wins face-off versus Jaromir Jagr in Rangers zone.
9:30 of 2nd period - Shot by Duncan Keith.
9:30 of 2nd period - Shot Misses the Net.
9:59 of 2nd period - Cedric Paquette is hit by David Backes and loses puck.
10:40 of 2nd period - Shot by Sidney Crosby.
10:40 of 2nd period - Stopped by Scott Darling with a rebound.
10:42 of 2nd period - Shot by Olli Maatta.
10:42 of 2nd period - Stopped by Scott Darling with a rebound.
10:44 of 2nd period - Shot by Sidney Crosby.
10:44 of 2nd period - Shot Misses the Net.
10:46 of 2nd period - Shot by Nikita Kucherov.
10:46 of 2nd period - Stopped by Scott Darling without a rebound.
10:47 of 2nd period - Sidney Crosby wins face-off versus Jaromir Jagr in Rangers zone.
11:03 of 2nd period - Shot by Patrik Elias.
11:03 of 2nd period - Shot Misses the Net.
11:21 of 2nd period - Shot by Tomas Tatar.
11:21 of 2nd period - Shot Misses the Net.
12:26 of 2nd period - Icing by Chris Tanev.
12:27 of 2nd period - Brad Richards wins face-off versus Sidney Crosby in Rangers zone.
12:27 of 2nd period - Brad Richards is hit by Ryan Callahan.
12:40 of 2nd period - Icing by Cedric Paquette.
12:41 of 2nd period - Brad Richards wins face-off versus David Backes in Rangers zone.
12:52 of 2nd period - Evgeni Malkin is hit by Cedric Paquette.
14:26 of 2nd period - Shot by Craig Smith.
14:26 of 2nd period - Stopped by Jonathan Quick without a rebound.
14:27 of 2nd period - Connor McDavid wins face-off versus John Mitchell in Stars zone.
14:28 of 2nd period - Shot by Tomas Tatar.
14:28 of 2nd period - Deflect By Connor McDavid.
14:28 of 2nd period - Stopped by Jonathan Quick without a rebound.
14:29 of 2nd period - David Backes wins face-off versus Connor McDavid in Stars zone.
15:06 of 2nd period - Shot by Jonathan Huberdeau.
15:06 of 2nd period - Shot Misses the Net.
15:08 of 2nd period - Shot by Olli Maatta.
15:08 of 2nd period - Shot Misses the Net.
15:10 of 2nd period - Shot by Olli Maatta.
15:10 of 2nd period - Shot Blocked by Kris Russell.
15:19 of 2nd period - Icing by Chris Tanev.
15:20 of 2nd period - Sidney Crosby wins face-off versus Connor McDavid in Rangers zone.
15:45 of 2nd period - Icing by Craig Smith.
15:46 of 2nd period - John Mitchell wins face-off versus Connor McDavid in Rangers zone.
17:34 of 2nd period - Off-side.
17:35 of 2nd period - Brad Richards wins face-off versus David Backes in neutral zone.
17:57 of 2nd period - Shot by Jonathan Huberdeau.
17:57 of 2nd period - Shot Misses the Net.
18:00 of 2nd period - Icing by Alex Goligoski.
18:01 of 2nd period - John Mitchell wins face-off versus Brad Richards in Rangers zone.
18:35 of 2nd period - Icing by Adam Pardy.
18:36 of 2nd period - John Mitchell wins face-off versus Matt Calvert in Stars zone.
18:36 of 2nd period - John Mitchell is hit by Tyler Ennis.
18:37 of 2nd period - John Mitchell from Stars is injured at 18:37 of 2nd period (Strained Right Elbow).
18:38 of 2nd period - Sean Couturier wins face-off versus Ryan Callahan in Stars zone.
18:42 of 2nd period - Icing by Ryan Callahan.
18:43 of 2nd period - Sean Couturier wins face-off versus Sidney Crosby in Stars zone.
18:44 of 2nd period - Shot by Matt Calvert.
18:44 of 2nd period - Shot Misses the Net.
18:59 of 2nd period - Shot by Sean Couturier.
18:59 of 2nd period - Stopped by Jonathan Quick without a rebound.
19:00 of 2nd period - Brad Richards wins face-off versus David Backes in Stars zone.
19:01 of 2nd period - Shot by Jaromir Jagr.
19:01 of 2nd period - Stopped by Jonathan Quick without a rebound.
19:02 of 2nd period - Sidney Crosby wins face-off versus Brad Richards in Stars zone.
19:21 of 2nd period - Shot by Ryan Callahan.
19:21 of 2nd period - Shot Blocked by Alex Goligoski.
19:41 of 2nd period - Shot by Benoit Pouliot.
19:41 of 2nd period - Shot Misses the Net.
Goals for this period are 0 for Stars vs 0 for Rangers.
Shots for this period are 7 for Stars vs 6 for Rangers.

3rd period


0:01 of 3rd period - David Backes wins face-off versus Connor McDavid in neutral zone.
0:22 of 3rd period - Shot by Connor McDavid.
0:22 of 3rd period - Stopped by Jonathan Quick without a rebound.
0:23 of 3rd period - Brad Richards wins face-off versus Sidney Crosby in Stars zone.
1:09 of 3rd period - Icing by Kris Russell.
1:10 of 3rd period - David Backes wins face-off versus Brad Richards in Rangers zone.
1:37 of 3rd period - Shot by Evgeni Malkin.
1:37 of 3rd period - Shot Misses the Net.
1:53 of 3rd period - Shot by Jonathan Huberdeau.
1:53 of 3rd period - Shot Blocked by Craig Smith.
2:14 of 3rd period - Shot by Craig Smith.
2:14 of 3rd period - Stopped by Jonathan Quick with a rebound.
2:18 of 3rd period - Shot by Connor McDavid.
2:18 of 3rd period - Shot Misses the Net.
2:20 of 3rd period - Shot by Alex Goligoski.
2:20 of 3rd period - Stopped by Jonathan Quick with a rebound.
2:53 of 3rd period - Kris Letang is hit by Joel Edmundson.
3:19 of 3rd period - Shot by Sidney Crosby.
3:19 of 3rd period - Shot Misses the Net.
3:21 of 3rd period - Shot by Olli Maatta.
3:21 of 3rd period - Shot Misses the Net.
3:23 of 3rd period - Shot by Sidney Crosby.
3:23 of 3rd period - Shot Misses the Net.
3:30 of 3rd period - Tyler Ennis is hit by Ryan Callahan and loses puck.
4:13 of 3rd period - Shot by Mikael Backlund.
4:13 of 3rd period - Shot Misses the Net.
4:18 of 3rd period - Icing by Mark Stuart.
4:19 of 3rd period - Connor McDavid wins face-off versus Brad Malone in Stars zone.
4:43 of 3rd period - Icing by Karl Alzner.
4:44 of 3rd period - Connor McDavid wins face-off versus Sidney Crosby in Rangers zone.
4:48 of 3rd period - Off-side.
4:49 of 3rd period - Sidney Crosby wins face-off versus Brad Richards in neutral zone.
5:08 of 3rd period - Shot by Nikita Kucherov.
5:08 of 3rd period - Stopped by Scott Darling without a rebound.
5:09 of 3rd period - David Backes wins face-off versus Connor McDavid in Rangers zone.
5:16 of 3rd period - Shot by Evgeni Malkin.
5:16 of 3rd period - Stopped by Scott Darling without a rebound.
5:17 of 3rd period - Connor McDavid wins face-off versus David Backes in Rangers zone.
5:19 of 3rd period - Craig Smith is hit by David Backes and loses puck.
5:48 of 3rd period - Shot by Connor McDavid.
5:48 of 3rd period - Deflect By Tomas Tatar.
5:48 of 3rd period - Stopped by Jonathan Quick with a rebound.
5:50 of 3rd period - Shot by Alex Goligoski.
5:50 of 3rd period - Stopped by Jonathan Quick without a rebound.
5:51 of 3rd period - Sidney Crosby wins face-off versus Brad Richards in Stars zone.
6:06 of 3rd period - Shot by Nikita Kucherov.
6:06 of 3rd period - Stopped by Scott Darling without a rebound.
6:07 of 3rd period - Sean Couturier wins face-off versus Evgeni Malkin in Rangers zone.
6:44 of 3rd period - Shot by Sean Couturier.
6:44 of 3rd period - Deflect By Tyler Ennis.
6:44 of 3rd period - Stopped by Jonathan Quick without a rebound.
6:45 of 3rd period - Sidney Crosby wins face-off versus Connor McDavid in Stars zone.
7:55 of 3rd period - Icing by Chris Tanev.
7:56 of 3rd period - Brad Richards wins face-off versus Evgeni Malkin in Rangers zone.
8:45 of 3rd period - Jaromir Jagr is hit by Cody McLeod and loses puck.
8:57 of 3rd period - Kris Russell is hit by Cody McLeod and loses puck.
9:46 of 3rd period - Matt Calvert is hit by Ryan Callahan.
10:08 of 3rd period - Shot by Sidney Crosby.
10:08 of 3rd period - Deflect By Nikita Kucherov.
10:08 of 3rd period - Stopped by Scott Darling without a rebound.
10:09 of 3rd period - Ryan Callahan wins face-off versus Connor McDavid in Rangers zone.
10:14 of 3rd period - Shot by Sidney Crosby.
10:14 of 3rd period - Stopped by Scott Darling with a rebound.
10:20 of 3rd period - Shot by Sidney Crosby.
10:20 of 3rd period - Shot Blocked by Alex Goligoski.
10:38 of 3rd period - Shot by Tomas Tatar.
10:38 of 3rd period - Stopped by Jonathan Quick without a rebound.
10:39 of 3rd period - Brad Richards wins face-off versus David Backes in Stars zone.
10:48 of 3rd period - Shot by Mikael Backlund.
10:48 of 3rd period - Deflect By Brad Richards.
10:48 of 3rd period - Shot Misses the Net.
10:50 of 3rd period - Shot by Kris Russell.
10:50 of 3rd period - Shot Blocked by Kris Letang.
10:52 of 3rd period - Shot by Mikael Backlund.
10:52 of 3rd period - Stopped by Jonathan Quick without a rebound.
10:53 of 3rd period - Connor McDavid wins face-off versus David Backes in Stars zone.
11:30 of 3rd period - Off-side.
11:31 of 3rd period - Brad Richards wins face-off versus Evgeni Malkin in neutral zone.
11:50 of 3rd period - Shot by Nikita Kucherov.
11:50 of 3rd period - Stopped by Scott Darling without a rebound.
11:51 of 3rd period - Jonathan Huberdeau wins face-off versus Sean Couturier in Rangers zone.
12:27 of 3rd period - Off-side.
12:28 of 3rd period - Connor McDavid wins face-off versus Sidney Crosby in neutral zone.
12:32 of 3rd period - Shot by Connor McDavid.
12:32 of 3rd period - Stopped by Jonathan Quick without a rebound.
12:33 of 3rd period - Sidney Crosby wins face-off versus Connor McDavid in Stars zone.
12:37 of 3rd period - Ryan Callahan is hit by Karl Alzner and loses puck.
13:32 of 3rd period - Minor Penalty to Karl Alzner for Hooking.
13:33 of 3rd period - David Backes wins face-off versus Jaromir Jagr in Rangers zone.
15:08 of 3rd period - Shot by Jonathan Huberdeau.
15:08 of 3rd period - Stopped by Scott Darling with a rebound.
15:10 of 3rd period - Shot by Evgeni Malkin.
15:10 of 3rd period - Shot Misses the Net.
15:56 of 3rd period - Shot by Cody McLeod.
15:56 of 3rd period - Stopped by Scott Darling without a rebound.
15:57 of 3rd period - Patrik Elias wins face-off versus Brad Richards in Rangers zone.
16:22 of 3rd period - Shot by Sidney Crosby.
16:22 of 3rd period - Stopped by Scott Darling without a rebound.
16:23 of 3rd period - Connor McDavid wins face-off versus Evgeni Malkin in Rangers zone.
16:49 of 3rd period - Shot by Tomas Tatar.
16:49 of 3rd period - Shot Misses the Net.
16:57 of 3rd period - Mark Stuart is hit by Tomas Tatar and loses puck.
18:06 of 3rd period - Benoit Pouliot is hit by David Backes and loses puck.
18:13 of 3rd period - Shot by Jonathan Huberdeau.
18:13 of 3rd period - Shot Misses the Net.
18:15 of 3rd period - Shot by Ryan Callahan.
18:15 of 3rd period - Shot Blocked by Karl Alzner.
18:17 of 3rd period - Shot by David Backes.
18:17 of 3rd period - Shot Misses the Net.
18:21 of 3rd period - Shot by Jonathan Huberdeau.
18:21 of 3rd period - Stopped by Scott Darling with a rebound.
18:23 of 3rd period - Shot by Jonathan Huberdeau.
18:23 of 3rd period - Shot Misses the Net.
18:30 of 3rd period - Minor Penalty to Karl Alzner for Holding.
18:31 of 3rd period - Sidney Crosby wins face-off versus Connor McDavid in Rangers zone.
18:50 of 3rd period - Shot by Evgeni Malkin.
18:50 of 3rd period - Shot Blocked by Kris Russell.
18:52 of 3rd period - Shot by Nikita Kucherov.
18:52 of 3rd period - Shot Misses the Net.
19:01 of 3rd period - Shot by Sidney Crosby.
19:01 of 3rd period - Shot Misses the Net.
19:47 of 3rd period - Chris Tanev is hit by Ryan Callahan and loses puck.
Goals for this period are 0 for Stars vs 0 for Rangers.
Shots for this period are 10 for Stars vs 9 for Rangers.

Overtime #1


0:01 of 1st overtime period - Sidney Crosby wins face-off versus Matt Calvert in neutral zone.
0:08 of 1st overtime period - Shot by Sidney Crosby.
0:08 of 1st overtime period - Stopped by Scott Darling without a rebound.
0:09 of 1st overtime period - Matt Calvert wins face-off versus Sidney Crosby in Rangers zone.
0:29 of 1st overtime period - Icing by Duncan Keith.
0:30 of 1st overtime period - Connor McDavid wins face-off versus Sidney Crosby in Stars zone.
0:43 of 1st overtime period - Shot by Connor McDavid.
0:43 of 1st overtime period - Goal by Connor McDavid - Stars : 0 - Rangers : 1.
Goals for this period are 0 for Stars vs 1 for Rangers.
Shots for this period are 1 for Stars vs 1 for Rangers.